 Dungeon Crawl Stone Soup version 0.30.1-4-g462c640d31 (webtiles) character file.

Game seed: 13216495791587460571

2004 Dingle the Cudgeller (level 9, -1/55 HPs)
             Began as a Gargoyle Fighter on Aug 23, 2023.
             Was a Follower of Qazlal.
             Slain by a troll (12 damage)
             ... on level 6 of the Dungeon.
             The game lasted 00:40:41 (6320 turns).

Dingle the Cudgeller (Gargoyle Fighter)             Turns: 6320, Time: 00:40:41

Health: -1/55      AC: 19    Str: 25    XL:     9   Next: 22%
Magic:  18/18      EV: 10    Int:  8    God:    Qazlal [*.....]
Gold:   157        SH:  6    Dex:  9    Spells: 8/8 levels left

rFire   + . .        V - +5 hand axe
rCold   + . .        c - +0 buckler
rNeg    + . .        y - +1 scale mail "Tolen" {Rampage rElec rF+ MP+9}
rPois   ∞            J - +2 helmet
rElec   +            (no cloak)
rCorr   .            x - +0 pair of gloves
SInv    +            (no boots)
Will    .....        E - amulet of regeneration Stlth
                     t - ring of see invisible
HPRegen 1.09/turn    F - ring of protection from cold
MPRegen 0.16/turn

%: rampage
@: mighty
A: sickness immunity, AC +6, negative energy resistance 1, electricity
resistance, torment resistance 1, petrification resistance
a: Renounce Religion


You were on level 6 of the Dungeon.
You worshipped Qazlal.
Qazlal was aware of your devotion.
You visited 1 branch of the dungeon, and saw 6 of its levels.

You collected 353 gold pieces.
You spent 196 gold pieces at shops.

Inventory:

Hand Weapons
 a - a +0 flail
 p - a +0 scythe
 r - a +2 dagger of electrocution
 u - a +0 glaive
 A - a +0 flail
 B - a +0 lajatang
 C - a +0 hand axe
 D - a +0 dagger
 K - a +2 morningstar of protection
 N - a +2 dagger of freezing
 S - a +2 spear of venom
 V - a +5 hand axe (weapon)
Missiles
 i - 2 javelins
 l - 12 poisoned darts
 G - 82 stones
Armour
 b - a +0 scale mail
 c - a +0 buckler (worn)
 f - a +0 chain mail
 q - a +0 robe
 s - a +2 helmet
 x - a +0 pair of gloves (worn)
 y - the +1 scale mail "Tolen" (worn) {Rampage rElec rF+ MP+9}
   (You took it off a gnoll on level 3 of the Dungeon)

   rF:        It protects you from fire.
   rElec:     It insulates you from electricity.
   MP:        It affects your magic capacity (+9).
   Rampage:   It bestows one free step when moving towards enemies.
 J - a +2 helmet (worn)
 O - a +0 robe
 Q - a +0 plate armour
 T - a +0 buckler
 U - a +0 ring mail
Jewellery
 t - a ring of see invisible (left hand)
 E - an amulet of regeneration (around neck)
 F - a ring of protection from cold (right hand)
Wands
 z - a wand of iceblast (24)
Scrolls
 e - 11 scrolls of identify {unknown}
 h - 5 scrolls of teleportation {unknown}
 j - 2 scrolls of noise {unknown}
 m - 3 scrolls of vulnerability {unknown}
 n - a scroll of poison {unknown}
 o - 2 scrolls of blinking {unknown}
 I - 3 scrolls of amnesia {unknown}
 M - a scroll of immolation {unknown}
Potions
 d - 2 potions of lignification {unknown}
 g - a potion of flight {unknown}
 k - 3 potions of curing {unknown}
 w - a potion of heal wounds {unknown}
 L - a potion of mutation {unknown}
 P - 2 potions of berserk rage {unknown}
 R - a potion of ambrosia {unknown}
Miscellaneous
 v - a tin of tremorstones (1/2) (quivered)


   Skills:
 + Level 6.1 Fighting
 + Level 7.7 Maces & Flails
 + Level 6.6 Armour
 + Level 2.8 Dodging
 + Level 0.5 Stealth
 + Level 5.3 Shields
 + Level 1.2 Evocations


You had 8 spell levels left.
You didn't know any spells.
Your spell library contained the following spells:

 Spells                   Type           Power      Damage    Failure   Level
 Magic Dart               Conj           0%         1d3       73%         1
 Scorch                   Fire           0%         2d5       86%         2
 Searing Ray              Conj           0%         2d4       86%         2
 Call Canine Familiar     Summ           0%         N/A       97%         3
 Inner Flame              Hex/Fire       0%         N/A       97%         3
 Portal Projectile        Hex/Tloc       0%         N/A       97%         3
 Volatile Blastmotes      Fire/Tloc      0%         2d10      97%         3
 Flame Wave               Conj/Fire      0%         2d4       100%        4
 Fulminant Prism          Conj/Hex       0%         3d5       100%        4
 Iskenderun's Mystic Bla  Conj/Tloc      0%         2d3       100%        4
 Leda's Liquefaction      Hex/Erth       0%         N/A       100%        4
 Sticky Flame             Conj/Fire      0%         2d3       100%        4
 Lee's Rapid Deconstruct  Erth           0%         3d4*      100%        5
 Summon Cactus Giant      Summ           0%         N/A       100%        6


Dungeon Overview and Level Annotations

Branches:
Dungeon (6/15)
 Temple: D:4-7

Altars:
Qazlal
Uskayaw

Shops:
D:3 (   D:6 [


Innate Abilities, Weirdness & Mutations

You are immune to sickness and miasma.
Your stone body is resilient. (AC +6)
You are immune to poison.
You resist negative energy. (rN+)
You are resistant to electric shocks. (rElec)
You are resistant to unholy torment.
You are immune to petrification.


Message History

The vampire hits you but does no damage.
The vampire bites you but does no damage.
You barely miss the vampire.
The vampire is almost destroyed.
You closely miss the yak. The vampire completely misses you. x2
The yak gores you but does no damage.
You closely miss the vampire.
The vampire is almost destroyed.
You barely miss the yak. The vampire hits you! The vampire barely misses you.
The yak barely misses you.
You closely miss the vampire.
The vampire is almost destroyed.
You slash the troll! You hit the yak.
The vampire hits you but does no damage.
You block the vampire's attack. The yak gores you! The troll bites you!
You block the troll's attack. The troll claws you.
The troll bites you but does no damage. The troll barely misses you.
The troll claws you but does no damage. The yak completely misses you.
The vampire hits you.
The vampire bites you but does no damage.
You barely miss the vampire.
The vampire is almost destroyed.
You slash the troll! You slash the yak! The vampire casts a spell at you.
You resist with some effort. You block the troll's attack.
The troll barely misses you. The troll claws you.
The yak gores you but does no damage.
You hit the vampire.
The vampire is almost destroyed.
You slash the troll! You closely miss the yak. The vampire hits you!
* * * LOW HITPOINT WARNING * * *
The vampire bites you.
* * * LOW HITPOINT WARNING * * *
The yak gores you but does no damage. The troll bites you.
* * * LOW HITPOINT WARNING * * *
The troll barely misses you. x2
You barely miss the vampire.
The vampire is almost destroyed.
You barely miss the troll. You hit the yak. The troll bites you!
You die... .....## ... .##...# ###.### ## ...# ..... .###..+ #.5.# .##...# K53

.....### #o# ....##
#.#######5##### ....##
#.......TVY...#
.....######..##.@##..#
.##...# #..##..##..#
###...# ###..##..# .. .
##..# ###..##).# .#
.##...## #..##..##.. #
.....#.####..##..##..#
....###..####..##..##..
....###..####..##..# ..
.....#.####..##..##..


You could see a kobold demonologist, a yak, a troll, a smoke demon (summoned), a
vampire (invisible), an orc wizard (invisible), 2 white imps and a shadow imp
(summoned).

Vanquished Creatures
  Grinder (D:3)
  Sigmund (D:3)
  A sky beast (D:6)
  2 ice beasts
  A black bear (D:4)
  A phantom (D:3)
  3 bullfrogs (D:6)
  A gnoll sergeant (D:6)
  5 scorpions
  A wight (D:6)
  A howler monkey (D:5)
  An orc priest (D:4)
  2 hounds (D:6)
  A jelly (D:4)
  Jessica (D:3)
  3 orc wizards
  A sleepcap (D:4)
  2 iguanas (D:5)
  4 gnolls (D:3)
  13 adders
  A shadow imp (D:6)
  A white imp (D:6)
  An ufetubus (D:6)
  A worm (D:2)
  A dart slug (D:1)
  20 orcs
  8 bats
  10 endoplasms
  7 giant cockroaches
  12 goblins
  4 hobgoblins
  2 jackals (D:1)
  11 kobolds
  3 quokkas
  6 ball pythons
  16 frilled lizards
  7 rats
157 creatures vanquished.

Notes
Turn   | Place    | Note
-------+----------+-------------------------------------------
     0 | D:1      | Dingle the Gargoyle Fighter began the quest for the Orb.
     0 | D:1      | Reached XP level 1. HP: 14/14 MP: 1/1
    79 | D:1      | Reached XP level 2. HP: 20/20 MP: 2/2
   481 | D:1      | Reached XP level 3. HP: 20/24 MP: 3/3
  1094 | D:2      | Reached skill level 3 in Maces & Flails
  1190 | D:2      | Reached XP level 4. HP: 29/29 MP: 4/4
  1824 | D:3      | Noticed Sigmund
  1847 | D:3      | Killed Sigmund
  1848 | D:3      | Reached skill level 4 in Maces & Flails
  1848 | D:3      | Reached XP level 5. HP: 16/34 MP: 5/5
  2116 | D:3      | Reached XP level 6. HP: 39/39 MP: 6/6
  2225 | D:3      | Noticed Jessica
  2238 | D:3      | Killed Jessica
  2289 | D:3      | Identified the +1 scale mail "Tolen" {Rampage rElec rF+
                  | MP+9}
  2502 | D:3      | Reached skill level 1 in Dodging
  2653 | D:3      | Noticed Grinder
  2656 | D:3      | Paralysed by Grinder for 3 turns
  2681 | D:3      | Paralysed by Grinder for 4 turns
  2687 | D:3      | Paralysed by Grinder for 5 turns
  2695 | D:3      | Killed Grinder
  2696 | D:3      | Reached skill level 5 in Maces & Flails
  2696 | D:3      | Reached XP level 7. HP: 39/44 MP: 7/7
  2880 | D:3      | Found Hebuory's Antique Weapon Shoppe.
  3195 | D:4      | Reached skill level 5 in Fighting
  3373 | D:4      | Reached skill level 5 in Armour
  3737 | D:4      | Reached XP level 8. HP: 28/49 MP: 8/8
  3894 | D:4      | Found a hide-covered altar of Uskayaw.
  4425 | D:3      | Bought a glowing morningstar for 196 gold pieces
  4992 | D:4      | Found a stormy altar of Qazlal.
  5000 | D:4      | Became a worshipper of Qazlal Stormbringer
  5137 | D:5      | Entered Level 5 of the Dungeon
  5162 | D:5      | Reached skill level 5 in Shields
  5180 | D:5      | Reached skill level 6 in Maces & Flails
  5963 | D:6      | Found Biecoorch's Armour Shop.
  6189 | D:6      | Reached skill level 7 in Maces & Flails
  6218 | D:6      | Reached * piety under Qazlal
  6242 | D:6      | Reached XP level 9. HP: 55/55 MP: 9/9
  6290 | D:6      | Noticed a kobold demonologist
  6292 | D:6      | Noticed a troll
  6301 | D:6      | Reached skill level 1 in Evocations
  6309 | D:6      | Noticed a smoke demon
  6320 | D:6      | Slain by a troll

Illustrated notes

Levels and vault maps discovered:
D:1:      minmay_arrival_up_and_down, layout_rooms, serial_bayou_ford_a
D:2:      layout_loops_corners, serial_forest, infiniplex_forest_clump_small,
          infiniplex_forest_lined_3_way, infiniplex_forest_corner_1,
          infiniplex_forest_side_room, infiniplex_forest_straight_2,
          infiniplex_forest_diagonal, infiniplex_forest_clump_small,
          infiniplex_forest_zigzag_1
D:3:      layout_basic, serial_shops, shop, minmay_checkerbox, uniq_jessica,
          uniq_grinder, uniq_sigmund
D:4:      minmay_thinvault, layout_loops_ring, nicolae_qazlal_scattered_showers,
          eat_drink_and_be_merry_uskayaw
D:5:      layout_gridville, eino_small_chamber_without_monster,
          minmay_lizard_king
D:6:      wad_guarded_room, layout_basic, serial_shops, shop

Skill      XL: |  1  2  3  4  5  6  7  8  9 |
---------------+----------------------------+-----
Maces & Flails | 3 4 5 7 |  7.7
Fighting       | 4 5 6 |  6.1
Armour         | 4 5 6 |  6.6
Shields        | 4 5 |  5.3
Dodging        | 1 2 |  2.8
Evocations     | 1 |  1.2
Stealth        | |  0.5

Action                     |  1- 3 |  4- 6 |  7- 9 || total
---------------------------+-------+-------+-------++-------
  Melee: Flail             |   150 |   147 |   151 ||   448
         Morningstar       |       |       |   162 ||   162
         Hand axe          |       |       |    22 ||    22
  Evoke: Tin of tremorston |       |       |     2 ||     2
    Use: Potion            |       |     1 |     2 ||     3
 Armour: Scale mail        |    10 |    65 |   262 ||   337
         Chain mail        |   110 |    53 |       ||   163
  Dodge: Dodged            |    61 |    69 |   236 ||   366
  Block: Buckler           |    44 |    40 |   117 ||   201
